 Dungeon Crawl Stone Soup version 0.29.1-2-gbd0b4ee654 (webtiles) character file.

Game seed: 8429620271475780807

46 KittyFluff the Trooper (level 3, 0/24 HPs)
             Began as a Gargoyle Berserker on Nov 1, 2022.
             Was a Follower of Trog.
             Splashed by a jelly's acid (9 damage)
             ... on level 3 of the Dungeon.
             The game lasted 00:12:58 (1990 turns).

KittyFluff the Trooper (Gargoyle Berserker)         Turns: 1990, Time: 00:12:58

Health: 0/24       AC:  7    Str: 20    XL:     3   Next: 66%
Magic:  3/3        EV: 12    Int:  7    God:    Trog [*.....]
Gold:   84         SH:  0    Dex: 11    Spells: 2/2 levels left

rFire   . . .      SeeInvis .   d - +0 quarterstaff
rCold   . . .      Faith    .   (shield currently unavailable)
rNeg    + . .      Spirit   .   b - +0 animal skin
rPois   ∞          Reflect  .   (no helmet)
rElec   +          Harm     .   (no cloak)
rCorr   .          Rampage  .   (no gloves)
Will    +....                   h - +1 pair of boots
Stlth   +.........              (no amulet)
HPRegen 0.08/turn               j - ring of willpower
MPRegen 0.08/turn               (no ring)

@: no status effects
A: sickness immunity, AC +3, negative energy resistance 1, electricity
resistance, torment resistance 1, petrification resistance
a: Renounce Religion, Berserk


You were on level 3 of the Dungeon.
You worshipped Trog.
Trog was aware of your devotion.
You visited 1 branch of the dungeon, and saw 3 of its levels.

You collected 84 gold pieces.

Inventory:

Hand Weapons
 a - a +0 mace
 d - a +0 quarterstaff (weapon)
Armour
 b - a +0 animal skin (worn)
 h - a +1 pair of boots (worn)
Magical Staves
 r - a staff of air
Jewellery
 j - a ring of willpower (left hand)
Wands
 q - a wand of polymorph (5)
Scrolls
 c - a scroll of fear {unknown}
 f - a scroll of immolation {unknown}
 g - 2 scrolls of noise {unknown}
 i - a scroll of blinking {unknown}
 k - 2 scrolls of teleportation {unknown}
 l - a scroll of enchant weapon {unknown}
 o - a scroll of identify {unknown}
Potions
 e - a potion of magic {unknown}
 m - a potion of attraction {unknown}
 n - a potion of curing {unknown}
 p - a potion of degeneration {unknown}


   Skills:
 + Level 3.7 Fighting
 + Level 3.2(3.5) Maces & Flails
 * Level 1.7(2.7) Staves
 * Level 2.3 Armour
 + Level 1.8 Dodging
 + Level 0.6 Stealth


You had 2 spell levels left.
You didn't know any spells.
Your spell library was empty.

Dungeon Overview and Level Annotations

Branches:
Dungeon (3/15)

Altars:
Ashenzari

Shops:
D:1 [=   D:2 ?


Innate Abilities, Weirdness & Mutations

You are immune to sickness and miasma.
Your stone body is resilient. (AC +3)
You are immune to poison.
You resist negative energy. (rN+)
You are resistant to electric shocks. (rElec)
You are resistant to unholy torment.
You are immune to petrification.


Message History

The endoplasm jiggles.
You sock the endoplasm!
You kill the endoplasm!
Trog accepts your kill.
You open the door.
There is an open door here.
A quokka and a worm come into view.
There is an open door here.
You barely miss the quokka. The quokka closely misses you. x2
You sock the quokka!
You kill the quokka!
Trog accepts your kill.
You hit the worm.
The worm is lightly wounded.
The worm bites you but does no damage.
You hit the worm.
The worm is lightly wounded.
You barely miss the worm.
The worm is lightly wounded.
The worm bites you.
You sock the worm!
The worm is severely wounded.
You sock the worm!
You kill the worm!
Trog accepts your kill.
There is an open door here.
You see here a worm corpse.
You start resting.
HP restored.
You open the door.
A jelly and an adder come into view.
The jelly quivers.
You hit the jelly.
Your hands burn!
The jelly is lightly wounded.
The adder hisses angrily.
The jelly hits you.
You are splashed with acid!
You completely miss the jelly.
The jelly is lightly wounded.
The jelly hits you.
You are splashed with acid!
You die...

#.......#
#.......#.#
#####.###†###
#######.#.###
#.....# #..#
#.#.... #.....#
#..# #.#####
#.....# #..# #
#.# ........#
#..# .# #.#
###########..##
..# #.#
##8..8##..# #.#
+.....@J..# #.#
#..##..#..# #.#
# ### #### .#
#.# # .# #.# #
# #.# # #.# #
#.# # #.#####
#......


You could see a jelly.

Vanquished Creatures
  An adder (D:2)
  A worm (D:3)
  A dart slug (D:2)
  A ball python (D:1)
  5 bats
  3 endoplasms
  4 giant cockroaches
  A goblin (D:1)
  3 hobgoblins
  3 quokkas
  A kobold (D:1)
  3 rats
27 creatures vanquished.

Notes
Turn   | Place    | Note
-------+----------+-------------------------------------------
     0 | D:1      | KittyFluff the Gargoyle Berserker began the quest for the
                  | Orb.
     0 | D:1      | Reached XP level 1. HP: 14/14 MP: 1/1
   130 | D:1      | Found Qorph's One-of-a-Kind Rings.
   191 | D:1      | Reached XP level 2. HP: 19/19 MP: 2/2
   517 | D:1      | Found Dudenyl's Armour Emporium.
  1011 | D:2      | Found Tuinel's Magic Scroll Shoppe.
  1113 | D:2      | Reached skill level 1 in Staves
  1375 | D:2      | Reached XP level 3. HP: 23/24 MP: 3/3
  1617 | D:2      | Found a broken altar of Ashenzari.
  1990 | D:3      | Splashed by a jelly's acid

Illustrated notes

Levels and vault maps discovered:
D:1:      saegor_arrival_simple_d, layout_basic, serial_shops,
          nicolae_shop_trees, dreamdust_princess_corridor,
          kennysheep_another_room, nicolae_shop_unique_rings
D:2:      layout_loops_ring, basic_altar, serial_shops, nicolae_shop_stone
D:3:      minmay_chambers_of_twos, layout_basic, serial_shops,
          nicolae_shop_stone, shapermc_ecumenical_altar_starsandcircs,
          minivault_19, minmay_quantized

Skill      XL: |  1  2 |
---------------+-------+-----
Staves         | 1 |  1.7
Fighting       | |  3.7
Maces & Flails | |  3.2
Armour         | |  2.3
Dodging        | |  1.8
Stealth        | |  0.6

Action                   || total
-------------------------++-------
Melee: Quarterstaff      ||    82
       Mace              ||     3
Armor: Animal skin       ||    48
Dodge: Dodged            ||    55
